 Dungeon Crawl Stone Soup version 0.24.0-123-gd5b16e6ec5 (webtiles) character file.

Game seed: 16934513390821452933, levelgen mode: deterministic

235 FishyPogo the Charmwright (level 6, 0/50 HPs)
             Began as a Gnoll Skald on Dec 19, 2019.
             Was a Plaything of Xom.
             Slain by a gnoll
             ... wielding a +0 spear
              (6 damage)
             ... on level 4 of the Dungeon.
             The game lasted 00:07:36 (2133 turns).

FishyPogo the Charmwright (Gnoll Skald)             Turns: 2133, Time: 00:07:37

Health: 0/50       AC:  5    Str: 15    XL:     6   Next: 5%
Magic:  2/13       EV: 14    Int: 15    God:    Xom [....*.]
Gold:   154        SH:  0    Dex: 15    Spells: 4/15 levels left

rFire    . . .     SeeInvis .   a - +0 short sword
rCold    . . .     Gourm    .   (no shield)
rNeg     . . .     Faith    .   b - +0 leather armour
rPois    .         Spirit   .   k - +0 helmet
rElec    .         Reflect  .   (no cloak)
rCorr    .         Harm     +   (no gloves)
MR       .....                  (no boots)
Stlth    ++........             r - amulet of harm
HPRegen  0.16/turn              p - +1 ring of protection
MPRegen  0.13/turn              (no ring)

@: very slightly contaminated
A: distributed training, fangs 1, strong nose
a: Renounce Religion


You were on level 4 of the Dungeon.
You worshipped Xom.
You were a beloved toy of Xom.
You were not hungry.

You visited 1 branch of the dungeon, and saw 4 of its levels.

You collected 154 gold pieces.

Inventory:

Hand Weapons
 a - a +0 short sword (weapon)
Missiles
 h - 143 stones (quivered)
Armour
 b - a +0 leather armour (worn)
 k - a +0 helmet (worn)
Magical Staves
 c - an uncursed staff of air
Jewellery
 p - a +1 ring of protection (left hand)
 r - an amulet of harm (around neck)
Scrolls
 g - 5 scrolls of identify {unknown}
 i - 3 scrolls of teleportation {unknown}
 j - a scroll of magic mapping {unknown}
 l - a scroll of blinking {unknown}
 m - a scroll of remove curse {unknown}
 n - 2 scrolls of immolation {unknown}
Potions
 e - 3 potions of resistance {unknown}
 f - 3 potions of curing {unknown}
 o - 2 potions of agility {unknown}
 q - a potion of invisibility {unknown}
Comestibles
 d - 8 rations
 s - 8 chunks of flesh


   Skills:
 + Level 4.9 Fighting
 + Level 4.9 Short Blades
 + Level 1.7 Long Blades
 + Level 1.7 Axes
 + Level 1.7 Maces & Flails
 + Level 1.7 Polearms
 + Level 1.7 Staves
 + Level 1.7 Slings
 + Level 1.7 Bows
 + Level 1.7 Crossbows
 + Level 1.7 Throwing
 + Level 3.1 Armour
 + Level 4.9 Dodging
 + Level 1.7 Stealth
 + Level 1.7 Shields
 + Level 1.7 Unarmed Combat
 + Level 5.2 Spellcasting
 + Level 1.3 Conjurations
 + Level 1.3 Hexes
 + Level 5.6 Charms
 + Level 1.3 Summonings
 + Level 1.3 Necromancy
 + Level 1.3 Translocations
 + Level 1.3 Transmutations
 + Level 1.3 Fire Magic
 + Level 1.3 Ice Magic
 + Level 1.3 Air Magic
 + Level 1.3 Earth Magic
 + Level 1.3 Poison Magic
 + Level 1.9 Invocations
 + Level 1.7 Evocations


You had 4 spell levels left.
You knew the following spells:

 Your Spells              Type           Power        Failure   Level  Hunger
h - Regeneration          Chrm/Necr      ##........   14%         3    ###....
n - Spectral Weapon       Hex/Chrm       ##......     14%         3    ###....
p - Shroud of Golubria    Chrm/Tloc      ##....       7%          2    ##.....
u - Song of Slaying       Chrm           ###.....     3%          2    ##.....
y - Infusion              Chrm           ###.         1%          1    None

Your spell library contained the following spells:

 Spells                   Type           Power        Failure   Level  Hunger


Dungeon Overview and Level Annotations

Branches:
Dungeon (4/15)
 Temple: D:4-7

Altars:
Qazlal
Xom


Innate Abilities, Weirdness & Mutations

Your experience applies equally to all skills.
You have very sharp teeth.
Your uncanny sense of smell can sniff out nearby items.


Message History

The gnoll closely misses you. The gnoll hits you with a +0 spear.
Your shroud falls apart!
You hit the gnoll.
The gnoll is severely wounded.
Your spectral weapon hits the gnoll.
The gnoll hits you but does no damage. The gnoll hits you with a +0 spear!
* * * LOW HITPOINT WARNING * * *
You hit the gnoll but do no damage. You bite the gnoll.
The gnoll is almost dead.
Your spectral weapon completely misses the gnoll.
The gnoll hits you from afar with a +0 spear.
* * * LOW HITPOINT WARNING * * *
The gnoll hits you with a +0 spear.
* * * LOW HITPOINT WARNING * * *
You hit the gnoll.
The gnoll is almost dead.
Your spectral weapon hits the gnoll.
You kill the gnoll!
The gnoll hits you from afar with a +0 spear.
You die...

§#.)......##..........###.
####......#+##..............
_.............#..............
#####...)................#
§§§§#....................#
§§§§#....................#
§§§ #....................#
#.............####+###
##..........(@....#
............).....#
#..........g......#
+......<..........#
#...............###
g.###...........#
#.......$...## .
#............. .
..####g.........#


You could see a gnoll and a friendly spectral +0 short sword.

Vanquished Creatures
  A gnoll shaman (D:3)
  3 worker ants (D:4)
  3 adders
  2 gnolls (D:4)
  2 oozes
  A worm (D:2)
  2 dart slugs (D:3)
  A leopard gecko (D:2)
  6 orcs (D:3)
  A ball python (D:2)
  4 bats
  4 giant cockroaches
  10 goblins
  5 hobgoblins
  9 jackals
  4 kobolds
  A quokka (D:3)
  A frilled lizard (D:2)
  8 rats
68 creatures vanquished.

Notes
Turn   | Place    | Note
-------+----------+-------------------------------------------
     0 | D:1      | FishyPogo the Gnoll Skald began the quest for the Orb.
     0 | D:1      | Reached XP level 1. HP: 20/20 MP: 6/6
    93 | D:1      | Reached XP level 2. HP: 16/26 MP: 7/7
    97 | D:1      | Learned a level 2 spell: Song of Slaying
   100 | D:1      | Learned a level 2 spell: Shroud of Golubria
   453 | D:2      | Reached skill level 5 in Spellcasting
   453 | D:2      | Reached XP level 3. HP: 31/31 MP: 4/9
   461 | D:2      | Learned a level 3 spell: Regeneration
   465 | D:2      | Learned a level 3 spell: Spectral Weapon
   526 | D:2      | Reached skill level 1 in Invocations
   683 | D:2      | Reached skill level 1 in Long Blades
   683 | D:2      | Reached skill level 1 in Axes
   683 | D:2      | Reached skill level 1 in Maces & Flails
   683 | D:2      | Reached skill level 1 in Polearms
   683 | D:2      | Reached skill level 1 in Staves
   683 | D:2      | Reached skill level 1 in Slings
   683 | D:2      | Reached skill level 1 in Bows
   683 | D:2      | Reached skill level 1 in Crossbows
   683 | D:2      | Reached skill level 1 in Throwing
   683 | D:2      | Reached skill level 1 in Stealth
   683 | D:2      | Reached skill level 1 in Shields
   683 | D:2      | Reached skill level 1 in Unarmed Combat
   683 | D:2      | Reached skill level 1 in Evocations
   711 | D:2      | Reached XP level 4. HP: 27/38 MP: 11/11
  1217 | D:3      | Found a faded altar of an unknown god.
  1258 | D:3      | Became a worshipper of Xom of Chaos
  1433 | D:3      | Reached skill level 1 in Conjurations
  1433 | D:3      | Reached skill level 1 in Hexes
  1433 | D:3      | Reached skill level 1 in Summonings
  1433 | D:3      | Reached skill level 1 in Necromancy
  1433 | D:3      | Reached skill level 1 in Translocations
  1433 | D:3      | Reached skill level 1 in Transmutations
  1433 | D:3      | Reached skill level 1 in Fire Magic
  1433 | D:3      | Reached skill level 1 in Ice Magic
  1433 | D:3      | Reached skill level 1 in Air Magic
  1433 | D:3      | Reached skill level 1 in Earth Magic
  1433 | D:3      | Reached skill level 1 in Poison Magic
  1482 | D:3      | XOM: silly message
  1547 | D:3      | Reached XP level 5. HP: 36/43 MP: 12/12
  1998 | D:4      | Noticed an ogre
  2090 | D:4      | XOM: potion effect (magic)
  2091 | D:4      | Found a stormy altar of Qazlal.
  2098 | D:4      | Reached XP level 6. HP: 13/50 MP: 7/13
  2121 | D:4      | XOM: potion effect (curing)
  2133 | D:4      | Slain by a gnoll

Levels and vault maps discovered:
D:1:      wander_arrival_chamber, layout_rooms
D:2:      layout_basic, columned_hall_lemuel
D:3:      layout_loops_ring, chequers_ecumenical_altar_island, uniq_robin
D:4:      layout_basic, nicolae_qazlal_eye_of_the_storm, first_ration

Skill      XL: |  1  2  3  4  5 |
---------------+----------------+-----
Spellcasting   | 5 |  5.2
Invocations    | 1 |  1.9
Long Blades    | 1 |  1.7
Axes           | 1 |  1.7
Maces & Flails | 1 |  1.7
Polearms       | 1 |  1.7
Staves         | 1 |  1.7
Slings         | 1 |  1.7
Bows           | 1 |  1.7
Crossbows      | 1 |  1.7
Throwing       | 1 |  1.7
Stealth        | 1 |  1.7
Shields        | 1 |  1.7
Unarmed Combat | 1 |  1.7
Evocations     | 1 |  1.7
Conjurations   | 1 |  1.3
Hexes          | 1 |  1.3
Summonings     | 1 |  1.3
Necromancy     | 1 |  1.3
Translocations | 1 |  1.3
Transmutations | 1 |  1.3
Fire Magic     | 1 |  1.3
Ice Magic      | 1 |  1.3
Air Magic      | 1 |  1.3
Earth Magic    | 1 |  1.3
Poison Magic   | 1 |  1.3
Armour         | 3 |  3.1
Fighting       | |  4.9
Short Blades   | |  4.9
Dodging        | |  4.9
Charms         | |  5.6

Action                   |  1- 3 |  4- 6 || total
-------------------------+-------+-------++-------
Melee: Short sword       |   121 |   169 ||   290
       Bite              |    11 |    20 ||    31
       Punch             |       |     2 ||     2
 Cast: Shroud of Golubri |     2 |    11 ||    13
       Infusion          |     2 |     1 ||     3
       Regeneration      |     1 |     5 ||     6
       Song of Slaying   |     1 |     1 ||     2
       Spectral Weapon   |       |     4 ||     4
 Stab: Sleeping          |     1 |     2 ||     3
  Eat: Chunk             |       |     6 ||     6
Armor: Leather armour    |    21 |    31 ||    52
Dodge: Dodged            |    79 |   106 ||   185
